[Event "Titled Tuesday Blitz August 24 2021"]
[White "Kislov, Oleg"]
[Black "Karttunen, Mika"]
[WhiteFideId "13503774"]
[BlackFideId "502081"]
[WhiteElo "2252"]
[BlackElo "2343"]
[Result "1/2-1/2"]
[Round "06"]
[TimeControl "180+1"]
[Date "2021.08.24"]
[WhiteClock "0:00:04"]
[BlackClock "0:00:06"]

1. e4 e5 2. Nf3 Nc6 3. Bb5 f5 4. Nc3 Nf6 5. d3 d6 6. O-O Be7 7. d4 fxe4 8. Ng5 Bg4 9. f3 exf3 10. gxf3 Bd7 11. dxe5 dxe5 12. Bc4 Rf8 13. f4 Bc5+ 14. Kh1 Qe7 15. Nxh7 O-O-O 16. Nxf8 Qxf8 17. Qf3 Bg4 18. Qg3 Bd4 19. fxe5 Nxe5 20. Be2 Bxc3 21. Bxg4+ Nexg4 22. bxc3 Qc5 23. Bf4 Rh8 24. Qg2 Qxc3 25. Rae1 Qc5 26. Re2 a6 27. Rfe1 Kb8 28. Re7 Nd5 29. R7e2 Ngf6 30. Bg3 Ka8 31. Re5 Qc6 32. Re6 Qc4 33. R6e2 Qxa2 34. Qf3 Qc4 35. Qd3 Qc6 36. Re6 Qa4 37. Rb1 Qg4 38. Re2 Nh5 39. Rg1 Qh3 40. Rf2 Nxg3+ 41. Qxg3 Qe6 42. Qg4 Qc6 43. Qe4 Re8 44. Qf3 Re7 45. Rd1 Rd7 46. Rdf1 b5 47. Qf8+ Kb7 48. Qf3 b4 49. Rd2 Nb6 50. Rxd7 Qxf3+ 51. Rxf3 Nxd7 52. Rf7 Nc5 53. Rxg7 a5 54. h4 a4 55. h5 a3 56. Rg1 Ne6 57. h6 Nf8 58. Kh2 Kb6 59. Kg3 c5 60. Kf4 c4 61. Ke4 Kc5 62. Ke5 b3 63. cxb3 cxb3 64. Rc1+ Kb4 65. Rc8 a2 66. Rxf8 a1=Q+ 67. Ke6 Qe1+ 68. Kf7 Qf2+ 69. Kg8 Qh4 70. Kh7 Qe4+ 71. Kg7 Qe7+ 72. Rf7 Qg5+ 73. Kh7 b2 74. Rg7 Qf5+ 75. Kh8 b1=Q 76. Rb7+ Kc5 77. Rxb1 Qxb1 78. h7 Qb8+ 79. Kg7 Qc7+ 80. Kg8 Qd8+ 81. Kg7 Qe7+ 82. Kg8 Qe8+ 83. Kg7 Qe7+ 84. Kg8 Qxh7+ 85. Kxh7 1/2-1/2


[Site "https://www.chess.com"]

[Event "Titled Tuesday Blitz August 24 2021"]
[White "Korchmar, Vasiliy"]
[Black "Shtyka, Sergey"]
[WhiteFideId "24131750"]
[BlackFideId "4138465"]
[WhiteElo "2370"]
[BlackElo "2064"]
[Result "1-0"]
[Round "06"]
[TimeControl "180+1"]
[Date "2021.08.24"]
[WhiteClock "0:00:07"]
[BlackClock "0:00:10"]

1. e4 c5 2. Nf3 d6 3. d4 cxd4 4. Nxd4 Nf6 5. Nc3 g6 6. Be3 Bg7 7. f3 O-O 8. g4 Nc6 9. Qd2 Be6 10. Nxe6 fxe6 11. O-O-O Ne5 12. Be2 Qc8 13. h4 Nc4 14. Bxc4 Qxc4 15. h5 Rac8 16. hxg6 hxg6 17. Bh6 Bxh6 18. Qxh6 Kf7 19. Qe3 b6 20. e5 dxe5 21. Qxe5 Qc5 22. Qe2 Qg5+ 23. Kb1 Rxc3 24. bxc3 Nd5 25. Rh7+ Kg8 26. Qxe6+ Kxh7 27. Rxd5 Qf6 28. Qd7 Qxf3 29. Qxe7+ Rf7 30. Qe6 Rc7 31. Rd3 Qf7 32. Rh3+ Kg8 33. Qe2 Re7 34. Qd1 Rd7 35. Qh1 Qg7 36. Qa8+ Kf7 37. Rf3+ Ke7 38. Re3+ Kd6 39. Rd3+ Ke7 40. Qe4+ Kd8 41. Qa8+ Kc7 42. Qxa7+ Kc6 43. Rxd7 Qe5 44. Qb7+ Kb5 45. Rd1 Qe1 46. Qd7+ Ka5 47. Rxe1 Ka6 48. Qd6 Ka5 49. Qf6 Ka4 50. Qf2 b5 51. Qf1 b4 52. Qg1 Ka3 53. Qh1 b3 54. Qa8# 1-0


[Site "https://www.chess.com"]

[Event "Titled Tuesday Blitz August 24 2021"]
[White "Kovalchuk94"]
[Black "Khodzhamkuliev, Bahadur"]
[BlackFideId "24135046"]
[WhiteElo "2601"]
[BlackElo "2130"]
[Result "1-0"]
[Round "06"]
[TimeControl "180+1"]
[Date "2021.08.24"]
[WhiteClock "0:00:11"]
[BlackClock "0:00:12"]

1. d4 c5 2. d5 d6 3. c4 e6 4. Nc3 e5 5. e4 g6 6. g3 Bg7 7. Bg2 a6 8. a4 Ne7 9. f4 O-O 10. Nf3 exf4 11. gxf4 Bg4 12. Qd3 Bxf3 13. Qxf3 f5 14. O-O Nd7 15. Kh1 h6 16. Qd3 fxe4 17. Nxe4 Nf5 18. Bd2 Nf6 19. Rae1 Nxe4 20. Bxe4 Qh4 21. b3 Bd4 22. Bxf5 Rxf5 23. Re6 Rf6 24. Be1 Qh5 25. Rxf6 Bxf6 26. f5 Be5 27. Bg3 Re8 28. fxg6 Bxg3 29. Qxg3 Qe5 30. Qf3 Qe4 31. Qxe4 Rxe4 32. Rf6 Re1+ 33. Kg2 Re2+ 34. Kg1 Rb2 35. Rxd6 Rxb3 36. Rd7 b5 37. axb5 axb5 38. cxb5 Rxb5 39. Kf2 Rb6 40. d6 Rb3 41. Ke2 c4 42. Kd2 Rd3+ 43. Kc2 h5 44. h4 Kf8 45. g7+ Kg8 46. Kb2 Rd4 47. Kc3 Rxh4 48. Re7 Rh1 49. d7 Rd1 50. Re8+ Kxg7 51. d8=Q Rxd8 52. Rxd8 Kf6 53. Kxc4 Kf5 54. Kd3 Kf4 55. Ke2 1-0


[Site "https://www.chess.com"]

[Event "Titled Tuesday Blitz August 24 2021"]
[White "Koziol, Kamil"]
[Black "FGHSMN"]
[WhiteFideId "1161555"]
[WhiteElo "2025"]
[BlackElo "2707"]
[Result "0-1"]
[Round "06"]
[TimeControl "180+1"]
[Date "2021.08.24"]
[WhiteClock "0:00:20"]
[BlackClock "0:01:54"]

1. e4 c5 2. Nf3 e6 3. d4 cxd4 4. Nxd4 a6 5. Bd3 Nf6 6. O-O Qc7 7. c4 d6 8. Nc3 Be7 9. b3 Nbd7 10. Bb2 b6 11. Rc1 Bb7 12. Qe2 O-O 13. f4 Rfe8 14. Kh1 Rac8 15. a4 g6 16. g4 Bf8 17. g5 Nh5 18. Qe3 Bg7 19. Nce2 e5 20. f5 exd4 21. Bxd4 Nc5 22. fxg6 hxg6 23. Bxg7 Nxd3 24. Ng3 Nxg3+ 25. hxg3 Kxg7 26. Qd4+ Kg8 27. Rc2 Rxe4 28. Qxd3 Re3+ 0-1


[Site "https://www.chess.com"]

[Event "Titled Tuesday Blitz August 24 2021"]
[White "Krivonosov, Oleg"]
[Black "Moroni, Luca Jr"]
[WhiteFideId "11600349"]
[BlackFideId "865834"]
[WhiteElo "2469"]
[BlackElo "2491"]
[Result "1/2-1/2"]
[Round "06"]
[TimeControl "180+1"]
[Date "2021.08.24"]
[WhiteClock "0:01:43"]
[BlackClock "0:01:21"]

1. Nf3 g6 2. d4 Bg7 3. c4 d6 4. Nc3 Nc6 5. d5 Ne5 6. Nxe5 Bxe5 7. e4 Nf6 8. Bd3 O-O 9. O-O e6 10. h3 exd5 11. exd5 Nh5 12. Be3 Bd7 13. Qd2 Bxh3 14. gxh3 Qh4 15. Kg2 Bf4 16. Ne2 Bxe3 17. Qxe3 Rae8 18. Qf3 Re5 19. Kh2 1/2-1/2


[Site "https://www.chess.com"]

[Event "Titled Tuesday Blitz August 24 2021"]
[White "Krysa, Leandro"]
[Black "Tikhonov, Viacheslav"]
[WhiteFideId "116807"]
[BlackFideId "44196407"]
[WhiteElo "2490"]
[BlackElo "1773"]
[Result "0-1"]
[Round "06"]
[TimeControl "180+1"]
[Date "2021.08.24"]
[WhiteClock "0:00:03"]
[BlackClock "0:01:41"]

1. e4 e6 2. d4 d5 3. Nc3 Nf6 4. e5 Nfd7 5. f4 c5 6. Nf3 Nc6 7. Be3 Be7 8. dxc5 O-O 9. Qd2 Qa5 10. Be2 Nxc5 11. O-O Na4 12. Nxa4 Qxa4 13. c3 Na5 14. Nd4 Nc4 15. Bxc4 Qxc4 16. f5 exf5 17. Nxf5 Bxf5 18. Rxf5 Bc5 19. Rf4 Qxf4 20. Re1 Bxe3+ 21. Rxe3 d4 22. cxd4 Rad8 23. Rd3 Qxd2 24. Rxd2 Rd5 25. Kf2 f6 26. exf6 Rxf6+ 27. Ke3 Re6+ 28. Kd3 Re1 29. b3 b5 30. a4 a6 31. Kc3 Re3+ 32. Kb4 bxa4 33. bxa4 Kf7 34. Kc4 Ke6 35. Rb2 Ra5 36. Rb6+ Kf7 37. d5 Re4+ 38. Kd3 Raxa4 39. d6 Red4+ 40. Kc3 Ke6 41. d7+ Kxd7 42. Rb7+ Kc6 43. Rxg7 Rac4+ 44. Kb3 Rc1 45. Rxh7 Kb5 46. h4 Rc5 47. h5 Rb4+ 48. Ka3 Rc3+ 49. Ka2 Rg3 50. h6 Rxg2+ 51. Ka3 Rg3+ 52. Ka2 Ka4 53. Ra7 Rg2+ 54. Ka1 a5 55. h7 Rh4 56. Rb7 Rh1+ 57. Rb1 Rxb1+ 58. Kxb1 Rh2 0-1


[Site "https://www.chess.com"]

[Event "Titled Tuesday Blitz August 24 2021"]
[White "Kuzubov, Yuriy"]
[Black "Wagh Suyog"]
[WhiteFideId "14112906"]
[BlackFideId "25071688"]
[WhiteElo "2564"]
[BlackElo "2219"]
[Result "1-0"]
[Round "06"]
[TimeControl "180+1"]
[Date "2021.08.24"]
[WhiteClock "0:00:20"]
[BlackClock "0:00:05"]

1. d4 Nf6 2. Nf3 d5 3. c4 e6 4. g3 Be7 5. Bg2 O-O 6. O-O dxc4 7. Qc2 a6 8. a4 Bd7 9. Qxc4 Bc6 10. Bg5 Nbd7 11. Nc3 h6 12. Bxf6 Nxf6 13. Qd3 Bxf3 14. Bxf3 c6 15. Rfd1 a5 16. Qc2 Qb6 17. e3 Rfd8 18. Rac1 Rac8 19. Kg2 h5 20. h4 g6 21. Rd3 Kg7 22. Nb1 Nd5 23. Qe2 Nb4 24. Rdd1 c5 25. dxc5 Bxc5 26. Na3 Be7 27. Nb5 Bf6 28. Rxc8 Rxc8 29. Be4 Rd8 30. Rxd8 Bxd8 31. Qc4 Bf6 32. b3 Na6 33. Bf3 Nc5 34. g4 hxg4 35. Qxg4 Nxb3 36. h5 g5 37. Be2 Qc5 38. Bf3 b6 39. Qe4 Qf5 40. Qxf5 exf5 41. Bd1 Nc5 42. Bc2 f4 43. exf4 gxf4 44. Kf3 Bg5 45. Kg4 Bh6 46. f3 Kf6 47. Nd6 Bf8 48. Nc4 Bh6 49. Nxb6 Ke5 50. Nc4+ Kd4 51. Nxa5 Kc3 52. Bf5 Nxa4 53. Nc6 Nc5 54. Ne5 f6 55. Nf7 Bf8 56. h6 Kd2 57. h7 Bg7 58. Kxf4 Bh8 59. Nxh8 Ke2 60. Ng6 1-0


[Site "https://www.chess.com"]

[Event "Titled Tuesday Blitz August 24 2021"]
[White "Lashkin, Jegor"]
[Black "Samsonkin, Artiom"]
[WhiteFideId "13907808"]
[BlackFideId "13503111"]
[WhiteElo "2293"]
[BlackElo "2513"]
[Result "1-0"]
[Round "06"]
[TimeControl "180+1"]
[Date "2021.08.24"]
[WhiteClock "0:00:09"]
[BlackClock "0:00:06"]

1. d4 Nf6 2. c4 e6 3. Nf3 Bb4+ 4. Bd2 Qe7 5. e3 O-O 6. Bd3 a5 7. O-O Bxd2 8. Qxd2 d6 9. Nc3 e5 10. Bc2 Bg4 11. Ng5 h6 12. Nge4 Nxe4 13. Bxe4 c6 14. h3 Bc8 15. Rad1 f5 16. Bc2 Nd7 17. f4 e4 18. a3 Nf6 19. d5 c5 20. Ba4 Kh8 21. Rb1 g5 22. b4 axb4 23. axb4 cxb4 24. Rxb4 g4 25. Kh2 Rg8 26. Bd1 gxh3 27. gxh3 Qg7 28. Qf2 Ra3 29. Ne2 Ng4+ 30. hxg4 Qxg4 31. Ng1 Qh4+ 32. Qxh4 Kh7 33. Be2 Ra2 34. Rf2 Rg3 35. Qxg3 1-0


[Site "https://www.chess.com"]

[Event "Titled Tuesday Blitz August 24 2021"]
[White "Lazavik, Denis"]
[Black "Avramidou, Anastasia"]
[WhiteFideId "13515110"]
[BlackFideId "4239873"]
[WhiteElo "2436"]
[BlackElo "2183"]
[Result "1-0"]
[Round "06"]
[TimeControl "180+1"]
[Date "2021.08.24"]
[WhiteClock "0:00:02"]
[BlackClock "0:00:02"]

1. d4 Nf6 2. c4 g6 3. Nc3 d5 4. cxd5 Nxd5 5. g3 Bg7 6. Bg2 Nxc3 7. bxc3 O-O 8. Nf3 c5 9. O-O Nc6 10. Be3 Bg4 11. d5 Bxf3 12. exf3 Na5 13. Bxc5 Bxc3 14. Rc1 Bg7 15. Re1 Re8 16. f4 b6 17. d6 bxc5 18. Bxa8 Qxa8 19. Rxe7 Rd8 20. Rxc5 Nb7 21. Qd5 Nxd6 22. Rd7 Bf8 23. Qxa8 Rxa8 24. Rcc7 a5 25. Ra7 Rxa7 26. Rxa7 Nc4 27. Rc7 Nd2 28. Rc2 Ne4 29. f3 Nf6 30. Kf2 h5 31. Ke3 Kg7 32. Kd4 Bb4 33. a4 h4 34. g4 Bd6 35. f5 gxf5 36. gxf5 Kh6 37. Rg2 Nh5 38. Rg4 h3 39. Rh4 Kg5 40. Rxh3 Nf4 41. Rh8 Kxf5 42. Ke3 Nd5+ 43. Kd3 Nb4+ 44. Kc4 Nc2 45. Rh5+ Ke6 46. Rxa5 Bxh2 47. Ra6+ Kf5 48. a5 Ne3+ 49. Kd3 Nd5 50. Ra8 Bg1 51. a6 f6 52. Ke2 Bb6 53. Rc8 Nb4 54. Rb8 Bc5 55. Rxb4 Bxb4 56. a7 1-0


[Site "https://www.chess.com"]

[Event "Titled Tuesday Blitz August 24 2021"]
[White "Le, Tuan Minh"]
[Black "Idani, Pouya"]
[WhiteFideId "12401153"]
[BlackFideId "12510130"]
[WhiteElo "2450"]
[BlackElo "2610"]
[Result "1-0"]
[Round "06"]
[TimeControl "180+1"]
[Date "2021.08.24"]
[WhiteClock "0:00:50"]
[BlackClock "0:00:15"]

1. d4 Nf6 2. Nf3 g6 3. Bg5 Bg7 4. Nbd2 d5 5. c3 O-O 6. e3 c5 7. Bd3 Nc6 8. O-O b6 9. Qe2 h6 10. Bh4 Bg4 11. h3 Bd7 12. Ne5 cxd4 13. exd4 Be8 14. Rfe1 e6 15. Qf3 g5 16. Bg3 Nxe5 17. Bxe5 Qe7 18. Re3 Rd8 19. Rae1 Bc6 20. h4 Nd7 21. Bc7 Rc8 22. Bh2 Qf6 23. Qg4 Qe7 24. hxg5 hxg5 25. Nf3 Bf6 26. Bf4 1-0


[Site "https://www.chess.com"]

[Event "Titled Tuesday Blitz August 24 2021"]
[White "Leitao, Rafael"]
[Black "Nesterov, Arseniy"]
[WhiteFideId "2101246"]
[BlackFideId "24198455"]
[WhiteElo "2609"]
[BlackElo "2477"]
[Result "0-1"]
[Round "06"]
[TimeControl "180+1"]
[Date "2021.08.24"]
[WhiteClock "0:00:47"]
[BlackClock "0:01:04"]

1. c4 e5 2. Nc3 Bb4 3. Nd5 Bc5 4. e3 Nf6 5. b4 Nxd5 6. bxc5 Nf6 7. Nf3 Qe7 8. Bb2 Nc6 9. Be2 Qxc5 10. O-O Qe7 11. d4 d6 12. c5 O-O 13. cxd6 cxd6 14. dxe5 dxe5 15. Qa4 Rd8 16. Ba3 Qe8 17. Qh4 e4 18. Ng5 h6 19. Nh3 Ne5 20. Nf4 Bg4 21. Bxg4 Nexg4 22. Qg3 Rac8 23. Bb2 Rd2 24. Bd4 Rcc2 25. h3 Ne5 26. Rab1 b6 27. Rb5 Qxb5 0-1


[Site "https://www.chess.com"]

[Event "Titled Tuesday Blitz August 24 2021"]
[White "Liyanage, Ranindu Dilshan"]
[Black "Ibadov, Dashgyn"]
[WhiteFideId "9915834"]
[BlackFideId "24107514"]
[WhiteElo "1839"]
[BlackElo "2102"]
[Result "0-1"]
[Round "06"]
[TimeControl "180+1"]
[Date "2021.08.24"]
[WhiteClock "0:00:28"]
[BlackClock "0:00:23"]

1. e4 c5 2. Nf3 g6 3. c3 d5 4. e5 Nc6 5. d4 Bg4 6. Bb5 Bg7 7. Nbd2 Qb6 8. Bxc6+ Qxc6 9. O-O Nh6 10. h3 Bxf3 11. Nxf3 Nf5 12. Bf4 h5 13. Qd2 h4 14. Rfe1 e6 15. Bg5 Rh5 16. Rac1 c4 17. b3 Bh6 18. Bxh6 Nxh6 19. bxc4 dxc4 20. Rb1 Kf8 21. Rb4 a5 22. Rb2 Ng8 23. Reb1 Rb8 24. Rb5 Ne7 25. Rxa5 Nd5 26. Rc5 Qa6 27. Qe2 Nxc3 28. Qc2 Nxb1 29. Qxb1 Kg7 30. Nd2 Rhh8 31. Nxc4 Rhc8 32. Rxc8 Rxc8 33. Nd6 Rc3 34. Qe4 Rc1+ 35. Kh2 Qf1 36. Qxh4 Qg1+ 37. Kg3 Rc3+ 38. Kg4 Qxg2+ 39. Kf4 Rf3+ 40. Ke4 Rxh3+ 0-1


[Site "https://www.chess.com"]

[Event "Titled Tuesday Blitz August 24 2021"]
[White "MATHEUSMDR2005"]
[Black "Kononenko, Dmitry"]
[BlackFideId "14113538"]
[WhiteElo "2467"]
[BlackElo "2276"]
[Result "0-1"]
[Round "06"]
[TimeControl "180+1"]
[Date "2021.08.24"]
[WhiteClock "0:00:01"]
[BlackClock "0:01:15"]

1. c4 c5 2. Nf3 Nc6 3. g3 g6 4. Bg2 Bg7 5. O-O d6 6. Nc3 Bf5 7. b3 Qd7 8. Bb2 Bh3 9. e3 h5 10. d4 cxd4 11. exd4 Bxg2 12. Kxg2 h4 13. Rc1 hxg3 14. fxg3 Qh3+ 15. Kg1 Nxd4 16. Rf2 Nf5 17. Qe2 Nxg3 18. Qd3 Nf5 19. Qd5 Nf6 20. Qxb7 O-O 21. Nd5 Nxd5 22. Bxg7 Qg4+ 23. Kh1 Qf4 24. Rcf1 Nde3 25. Bxf8 Rxf8 26. Ng1 Qh4 27. Qb8 Rxb8 0-1


[Site "https://www.chess.com"]

[Event "Titled Tuesday Blitz August 24 2021"]
[White "Machidon, Cristi"]
[Black "Pein, Jonathan"]
[WhiteFideId "13904590"]
[BlackFideId "417092"]
[WhiteElo "2312"]
[BlackElo "2167"]
[Result "1-0"]
[Round "06"]
[TimeControl "180+1"]
[Date "2021.08.24"]
[WhiteClock "0:02:31"]
[BlackClock "0:02:05"]

1. d4 Nf6 2. Bf4 e6 3. e3 d5 4. Nd2 Bd6 5. Bd3 O-O 6. c3 Nc6 7. Ngf3 Bxf4 8. exf4 Ne7 9. O-O Ng6 10. g3 c5 11. dxc5 Qc7 12. b4 e5 13. Bxg6 hxg6 14. Nxe5 Bh3 15. Re1 Ne4 16. Nxe4 dxe4 17. Rxe4 Rad8 18. Rd4 Rde8 19. Qf3 Re7 20. g4 1-0


[Site "https://www.chess.com"]

[Event "Titled Tuesday Blitz August 24 2021"]
[White "Maevsky, Nikolay"]
[Black "Novikova, Galina"]
[WhiteFideId "4198220"]
[BlackFideId "4157095"]
[WhiteElo "2213"]
[BlackElo "1907"]
[Result "1-0"]
[Round "06"]
[TimeControl "180+1"]
[Date "2021.08.24"]
[WhiteClock "0:00:09"]
[BlackClock "0:00:01"]

1. d4 d5 2. Nf3 Nc6 3. c4 Bg4 4. Nc3 e6 5. Bf4 Nf6 6. e3 Bd6 7. Bg3 O-O 8. Be2 Bxg3 9. hxg3 h6 10. O-O a6 11. cxd5 exd5 12. Rc1 Ne4 13. Nxe4 dxe4 14. Nd2 Bxe2 15. Qxe2 Re8 16. a3 Qd5 17. Rc5 Qd6 18. Rfc1 Rad8 19. b4 Rd7 20. Qg4 Rde7 21. Nb3 Na7 22. a4 Nc6 23. R1c4 Qd8 24. b5 axb5 25. axb5 Na7 26. Qf4 c6 27. bxc6 Nxc6 28. Rb5 Qa8 29. Nc5 Qa1+ 30. Kh2 Qa2 31. Rc3 Nd8 32. Rcb3 1-0


[Site "https://www.chess.com"]

[Event "Titled Tuesday Blitz August 24 2021"]
[White "Maghsoodloo, Parham"]
[Black "Makhnev, Denis"]
[WhiteFideId "12539929"]
[BlackFideId "13707647"]
[WhiteElo "2601"]
[BlackElo "2537"]
[Result "1-0"]
[Round "06"]
[TimeControl "180+1"]
[Date "2021.08.24"]
[WhiteClock "0:00:29"]
[BlackClock "0:00:01"]

1. c4 c6 2. g3 d5 3. Nf3 Nf6 4. Bg2 a6 5. b3 Bf5 6. O-O e6 7. Bb2 Nbd7 8. d3 h6 9. Nbd2 Bc5 10. a3 a5 11. Qc2 O-O 12. Bc3 Qe7 13. Qb2 Bd6 14. b4 axb4 15. axb4 e5 16. c5 Bc7 17. e4 dxe4 18. Nh4 Bh7 19. dxe4 b6 20. cxb6 Bxb6 21. Nf5 Bxf5 22. exf5 Rxa1 23. Rxa1 e4 24. Nc4 e3 25. fxe3 Bxe3+ 26. Kh1 Nb6 27. Bxf6 gxf6 28. Nxe3 Qxe3 29. Qxf6 Nd5 30. Qxc6 Nxb4 31. Qc4 Nd3 32. Bd5 Nf2+ 33. Kg2 Nd3 34. Ra2 Ne5 35. Qh4 1-0


[Site "https://www.chess.com"]

[Event "Titled Tuesday Blitz August 24 2021"]
[White "Maltsevskaya, Aleksandra"]
[Black "davigator"]
[WhiteFideId "24174041"]
[WhiteElo "2225"]
[BlackElo "2388"]
[Result "0-1"]
[Round "06"]
[TimeControl "180+1"]
[Date "2021.08.24"]
[WhiteClock "0:00:01"]
[BlackClock "0:00:13"]

1. e4 c5 2. d4 cxd4 3. c3 Nf6 4. e5 Nd5 5. Nf3 d6 6. cxd4 Nc6 7. Bc4 e6 8. O-O Nb6 9. Bb3 d5 10. Nc3 Be7 11. Be3 a6 12. Ne1 Bd7 13. f4 Na5 14. f5 Nbc4 15. Bxc4 Nxc4 16. Qe2 Bg5 17. Bf2 Nd2 18. Nf3 Nxf1 19. Rxf1 Bh6 20. f6 g6 21. Qd3 Qa5 22. Rd1 Rc8 23. Be1 Qb6 24. Bd2 Bf8 25. h4 Bb5 26. Qe3 h6 27. Rc1 Bd7 28. b3 Ba3 29. Rc2 Bb4 30. Kh2 a5 31. Ne1 Qa6 32. Nd3 Bf8 33. Rc1 b6 34. Nf4 Qb7 35. Qg3 Kd8 36. Nce2 Rxc1 37. Nxc1 Qc6 38. Nce2 Qc2 39. Be3 g5 40. Nh5 gxh4 41. Qf3 Bb5 42. Nef4 Qe4 43. Ng7 Qxf3 44. gxf3 Kd7 45. Kh3 Rh7 46. Nfh5 Be2 47. Kg2 h3+ 48. Kf2 h2 49. Kg2 Bxf3+ 50. Kxh2 Bxh5 51. Nxh5 Rh8 52. Kh3 Rg8 53. Ng3 Rg6 54. Kg2 Ba3 55. Kf3 Bb2 56. Nh5 Rg5 57. Bxg5 hxg5 58. Ke3 g4 59. Ng3 Bc1+ 60. Kf2 Kc6 61. Ne2 Bd2 62. Kg3 Kb5 63. Kxg4 Kb4 64. Kf3 Ka3 65. Ng3 Kxa2 66. Nh5 Kxb3 67. Ng7 Bh6 68. Ne8 a4 69. Nd6 a3 70. Nxf7 a2 71. Nxh6 a1=Q 72. Ng4 Qxd4 73. f7 Qe4+ 74. Kg3 Qf5 75. Nh6 Qg6+ 76. Kf3 Qg7 0-1


[Site "https://www.chess.com"]

[Event "Titled Tuesday Blitz August 24 2021"]
[White "Marcziter, Dmitrii"]
[Black "Dobrowolski, Piotr"]
[WhiteFideId "13900765"]
[BlackFideId "1106236"]
[WhiteElo "2155"]
[BlackElo "2296"]
[Result "1/2-1/2"]
[Round "06"]
[TimeControl "180+1"]
[Date "2021.08.24"]
[WhiteClock "0:01:11"]
[BlackClock "0:00:45"]

1. e4 e6 2. d3 d5 3. Nd2 c5 4. Ngf3 Nc6 5. g3 g6 6. Bg2 Bg7 7. O-O Nge7 8. Re1 O-O 9. c3 Qc7 10. Qe2 e5 11. exd5 Nxd5 12. Nc4 Re8 13. a4 Bf5 14. Nh4 Be6 15. Nf3 f6 16. a5 Rad8 17. Nfd2 Bf7 18. Ne4 b6 19. axb6 axb6 20. h3 h6 21. Ne3 f5 22. Nd2 Nxe3 23. Qxe3 Bd5 24. Nf3 Kh7 25. Bd2 Na5 26. c4 Bxf3 27. Bxf3 Nb3 28. Rad1 e4 29. dxe4 Nxd2 30. Rxd2 Bd4 31. Qf4 Qxf4 32. gxf4 fxe4 33. Rxe4 Rxe4 34. Bxe4 Rf8 35. f5 gxf5 36. Bd5 Kg6 37. Re2 Kg5 38. Kg2 Kf4 39. b3 Rf6 40. Re7 Rg6+ 41. Kf1 Rd6 42. Ke2 b5 43. Rf7 b4 44. f3 Ke5 45. Re7+ Kf4 46. Rf7 Bf6 47. Rc7 Bd4 48. Rf7 1/2-1/2


[Site "https://www.chess.com"]

[Event "Titled Tuesday Blitz August 24 2021"]
[White "Martinez Reyes, Pedro Ramon"]
[Black "Kowalczyk, Pawel"]
[WhiteFideId "3901807"]
[BlackFideId "1130641"]
[WhiteElo "2398"]
[BlackElo "2325"]
[Result "1-0"]
[Round "06"]
[TimeControl "180+1"]
[Date "2021.08.24"]
[WhiteClock "0:00:12"]
[BlackClock "0:00:42"]

1. b3 a6 2. g3 c5 3. Bg2 d5 4. Bb2 Nc6 5. Nf3 Nf6 6. d4 cxd4 7. Nxd4 e6 8. O-O Be7 9. c4 O-O 10. Nc3 Nxd4 11. Qxd4 dxc4 12. Qxc4 b5 13. Qc6 Ra7 14. Rfd1 Rd7 15. Rxd7 Qxd7 16. Rd1 Qa7 17. Ne4 Nd5 18. Bd4 Qb7 19. Qc2 Rd8 20. Qb2 f6 21. Nc5 Qc7 22. Rc1 Qd6 23. Ne4 Qa3 24. Nc5 Qxb2 25. Bxb2 Kf7 26. a3 f5 27. Nd3 Bd6 28. Bxd5 exd5 29. b4 Bd7 30. Be5 Bxe5 31. Nxe5+ Ke6 32. Nf3 Kd6 33. Nd4 Re8 34. e3 g5 35. Kf1 f4 36. Ke2 fxe3 37. fxe3 Re4 38. Rf1 Ke7 39. Kd3 h5 40. Rf2 h4 41. Rg2 hxg3 42. Rxg3 g4 43. Rg2 Kd6 44. Rf2 Ke7 45. Rf4 Re5 46. Ne2 Rh5 47. Rf2 Bf5+ 48. Kd4 Be6 49. Ng3 Rh3 50. Ne2 Rf3 51. Rg2 Kd6 52. Nf4 Bf5 53. Nxd5 Rf1 54. e4 Rd1+ 55. Ke3 Re1+ 56. Re2 Rxe2+ 57. Kxe2 Bxe4 58. Nc3 Bc2 59. Ke3 Ke5 60. Ne2 Kd5 61. Kd2 Bg6 62. Nf4+ Kc4 63. Nxg6 Kb3 64. Ne5 Kxa3 65. Kc3 a5 66. bxa5 b4+ 67. Kd3 Ka2 68. Nc4 b3 69. a6 1-0


[Site "https://www.chess.com"]

[Event "Titled Tuesday Blitz August 24 2021"]
[White "Mikhailovsky, Vladimir"]
[Black "Praggnanandhaa R"]
[WhiteFideId "34105414"]
[BlackFideId "25059530"]
[WhiteElo "2315"]
[BlackElo "2555"]
[Result "0-1"]
[Round "06"]
[TimeControl "180+1"]
[Date "2021.08.24"]
[WhiteClock "0:00:01"]
[BlackClock "0:01:26"]

1. e4 c5 2. Nf3 e6 3. g3 Nc6 4. Bg2 d6 5. O-O Nf6 6. Re1 Be7 7. c3 e5 8. d4 O-O 9. dxe5 Nxe5 10. Nxe5 dxe5 11. Qe2 Bg4 12. f3 Be6 13. Na3 a6 14. Bg5 b5 15. Bxf6 Bxf6 16. Nc2 Bg5 17. Qf2 Qc7 18. b3 h5 19. Rad1 a5 20. Rf1 a4 21. f4 axb3 22. axb3 Be7 23. Ne3 Bxb3 24. Rb1 Bc4 25. Nxc4 bxc4 26. Qe2 h4 27. Qxc4 Rad8 28. Rb2 Bf6 29. Rbf2 Qe7 30. Bf3 g6 31. Bd1 hxg3 32. hxg3 exf4 33. Rxf4 Be5 34. R4f3 Kg7 35. Bb3 f6 36. Qe2 Rh8 37. Bd5 Rb8 38. R1f2 Qd7 39. Kg2 Qh3+ 0-1


[Site "https://www.chess.com"]

[Event "Titled Tuesday Blitz August 24 2021"]
[White "Mitrabha, Guha"]
[Black "Sharapov, Evgeny"]
[WhiteFideId "5057000"]
[BlackFideId "14103133"]
[WhiteElo "2334"]
[BlackElo "2367"]
[Result "0-1"]
[Round "06"]
[TimeControl "180+1"]
[Date "2021.08.24"]
[WhiteClock "0:00:20"]
[BlackClock "0:01:05"]

1. c4 c5 2. g3 Nc6 3. Bg2 g6 4. Nc3 Bg7 5. e3 e5 6. Nge2 Nge7 7. O-O O-O 8. a3 a5 9. d3 d6 10. Nd5 Rb8 11. Nec3 Nxd5 12. Nxd5 Be6 13. Rb1 Ne7 14. b4 axb4 15. axb4 cxb4 16. Rxb4 Nxd5 17. cxd5 Bd7 18. Ba3 b5 19. Rb1 Qb6 20. Qb3 Rfc8 21. Bb4 Bf8 22. h4 h5 23. Rfd1 Ra8 24. d4 exd4 25. Rxd4 Bf5 26. Rf1 Bc2 27. Qb2 Bg7 28. Bc3 Bf5 29. Rd3 Rxc3 30. Rxc3 b4 31. Rc6 Qxc6 32. Qxg7+ Kxg7 33. dxc6 b3 34. Bd5 b2 35. e4 Bh3 36. c7 Ra1 37. Kh2 Bc8 0-1


[Site "https://www.chess.com"]

[Event "Titled Tuesday Blitz August 24 2021"]
[White "Murzin, Volodar"]
[Black "Rodriguez, Santiago"]
[WhiteFideId "44155573"]
[BlackFideId "3000591"]
[WhiteElo "2541"]
[BlackElo "2256"]
[Result "1-0"]
[Round "06"]
[TimeControl "180+1"]
[Date "2021.08.24"]
[WhiteClock "0:00:10"]
[BlackClock "0:00:30"]

1. e4 c5 2. Nf3 Nc6 3. Bb5 g6 4. Bxc6 bxc6 5. O-O Bg7 6. Re1 Nh6 7. c3 O-O 8. d4 cxd4 9. cxd4 d5 10. e5 Bg4 11. Nbd2 f6 12. h3 Bxf3 13. Nxf3 Nf5 14. g4 fxe5 15. dxe5 Nh6 16. e6 Rb8 17. Ne5 Bxe5 18. Rxe5 Kg7 19. Qd4 Qb6 20. Rxd5+ Qxd4 21. Rxd4 Ng8 22. g5 h6 23. h4 hxg5 24. hxg5 c5 25. Re4 Rf5 26. b3 Rb6 27. Be3 Rb4 28. Rxb4 cxb4 29. Re1 a5 30. f4 a4 31. bxa4 Ra5 32. Bd4+ Kf8 33. Rc1 Nf6 34. gxf6 exf6 35. Bxf6 1-0


[Site "https://www.chess.com"]

[Event "Titled Tuesday Blitz August 24 2021"]
[White "Nakamura, Hikaru"]
[Black "Zhigalko, Sergei"]
[WhiteFideId "2016192"]
[BlackFideId "13502956"]
[WhiteElo "2900"]
[BlackElo "2662"]
[Result "1-0"]
[Round "06"]
[TimeControl "180+1"]
[Date "2021.08.24"]
[WhiteClock "0:00:17"]
[BlackClock "0:00:01"]

1. e4 c5 2. Nf3 Nc6 3. c3 Nf6 4. Bd3 d6 5. Bc2 Bg4 6. d4 e6 7. d5 exd5 8. exd5 Ne5 9. Ba4+ Ned7 10. h3 Bh5 11. O-O Be7 12. g4 Bg6 13. Nh4 O-O 14. Nxg6 hxg6 15. c4 Nb6 16. Bb3 Nfd7 17. f4 Bf6 18. g5 Bd4+ 19. Kg2 a5 20. Na3 Re8 21. Bc2 Nb8 22. Bd3 Na6 23. Nb5 Nb4 24. a3 Nxd3 25. Qxd3 Qe7 26. Nxd4 cxd4 27. Qxd4 Qe4+ 28. Qxe4 Rxe4 29. Rd1 a4 30. Kf3 Rae8 31. c5 dxc5 32. d6 Nd7 33. Bd2 f5 34. Re1 Kf7 35. Rxe4 Rxe4 36. Bc3 b5 37. h4 Nb6 38. Rd1 Nd7 39. Rc1 Re6 40. Rd1 Re4 41. Rd3 Re6 42. Rd5 Re4 43. h5 Ke6 44. Rd1 gxh5 45. Bxg7 b4 46. g6 bxa3 47. bxa3 c4 48. Bc3 h4 49. Rg1 1-0


[Site "https://www.chess.com"]